 Dungeon Crawl Stone Soup version 0.18-a0-1496-g27d3123 (webtiles) character file.

74 Oddball22 the Sneak (level 4, -1/22 HPs)
             Began as a Vine Stalker Enchanter on Mar 4, 2016.
             Slain by Grinder (2 damage)
             ... on level 3 of the Dungeon.
             The game lasted 00:04:19 (1705 turns).

Oddball22 the Sneak (Vine Stalker Enchanter)        Turns: 1705, Time: 00:04:19

Health: -1/22      AC:  3    Str: 11    XL:     4   Next: 28%
Magic:  0/9        EV: 12    Int: 15    God:
Gold:   133        SH:  0    Dex: 15    Spells: 3 memorised, 3 levels left

rFire  . . .     SeeInvis .     a - +1 dagger
rCold  . . .     Gourm    .     b - +1 robe
rNeg   . . .     Faith    .     (no shield)
rPois  .         Spirit   +     (no helmet)
rElec  .         Dismiss  .     (no cloak)
rCorr  .         Reflect  .     (no gloves)
SustAt +         Harm     .     (no boots)
MR     .....                    (no amulet)
Stlth  ++........               (no ring)
                                j - ring of sustain attributes

@: not resistant to hostile enchantments, unstealthy
A: fangs 2, regeneration 1, magic shield, antimagic bite, no device heal 3, rot
immunity
a: no special abilities


You were on level 3 of the Dungeon.
You were not hungry.

You visited 1 branch of the dungeon, and saw 3 of its levels.

You collected 133 gold pieces.

Inventory:

Hand Weapons
 a - a +1 dagger (weapon)
Missiles
 n - 18 bolts
Armour
 b - a +1 robe (worn)
Jewellery
 j - a ring of sustain attributes (left hand)
Scrolls
 g - 2 scrolls of amnesia {unknown}
 h - a scroll of noise {unknown}
 i - a scroll of magic mapping {unknown}
 k - a scroll of teleportation {unknown}
 l - a scroll of remove curse {unknown}
 m - a scroll of enchant armour {unknown}
 p - a scroll of random uselessness {unknown}
 q - a scroll of enchant weapon {unknown}
 r - a scroll of identify {unknown}
Potions
 e - a potion of resistance {unknown}
 o - a potion of curing {unknown}
Books
 c - a book of Maledictions

   Spells                             Type                      Level
   a - Corona                         Hexes                        1
   b - Ensorcelled Hibernation        Hexes/Ice                    2
   c - Confuse                        Hexes                        3
   d - Tukima's Dance                 Hexes                        3
   e - Dazzling Spray                 Conjuration/Hexes            3
Comestibles
 d - 2 bread rations
 f - 6 chunks of flesh
 s - a slice of pizza


   Skills:
 + Level 1.1 Fighting
 + Level 2.5 Short Blades
 - Level 1.5 Dodging
 - Level 3.6 Stealth
 * Level 3.0 Spellcasting
 + Level 3.0 Hexes


You had 3 spell levels left.
You knew the following spells:

 Your Spells              Type           Power        Failure   Level  Hunger
a - Corona                Hex            ##.....      8%          1    #......
b - Ensorcelled Hibernat  Hex/Ice        #.....       17%         2    ##.....
c - Confuse               Hex            ##......     21%         3    ###....


Dungeon Overview and Level Annotations

Branches:
Dungeon (3/15)

Altars:

Annotations:
D:3 Grinder


Innate Abilities, Weirdness & Mutations

You have extremely sharp teeth.
Your natural rate of healing is unusually fast.
When hurt, damage is shared between your health and your magic reserves.
Your bite disrupts and absorbs the magic of your enemies.
Potions and wands cannot restore your health.
You are immune to rotting.


Message History

Grinder hits you!
You hit Grinder.
Grinder is severely wounded.
You hit Grinder. Your bite misses Grinder.
Grinder is almost dead.
Grinder hits you.
You writhe in agony.
You hit Grinder. You bite Grinder.
Grinder's magic leaks into the air.
You drain his magic.
You feel invigorated.
Grinder is almost dead.
Grinder hits you.
You writhe in agony.
* * * LOW HITPOINT WARNING * * *
You hit Grinder.
Grinder is almost dead.
Grinder hits you but does no damage.
You hit Grinder but do no damage.
Grinder is almost dead.
Grinder hits you.
* * * LOW HITPOINT WARNING * * *
You writhe in agony.
You die...

...( .# ##. .##.#
#.. ....# #.# ####
#.# ###### #.#
.....#### #.#
#.......# #5#
#.......# #@#
#.......########.#
#................#
#.......##########
#.......#
#.......#
#########


You could see Grinder.

Vanquished Creatures
  2 adders
  2 oozes
  2 worms (D:2)
  A dart slug (D:2)
  A giant gecko (D:1)
  3 ball pythons
  2 giant cockroaches
  3 goblins
  3 hobgoblins
  4 jackals
  4 bats
  2 giant newts
  6 kobolds
  6 rats (D:1)
41 creatures vanquished.

Notes
Turn   | Place    | Note
--------------------------------------------------------------
     0 | D:1      | Oddball22 the Vine Stalker Enchanter began the quest for the Orb.
     0 | D:1      | Reached XP level 1. HP: 9/9 MP: 4/4
    20 | D:1      | Reached skill level 1 in Short Blades
    26 | D:1      | Reached XP level 2. HP: 5/13 MP: 4/6
   846 | D:2      | Reached XP level 3. HP: 17/17 MP: 7/7
  1174 | D:2      | Reached skill level 1 in Fighting
  1412 | D:2      | Reached XP level 4. HP: 22/22 MP: 9/9
  1575 | D:3      | Learned a level 2 spell: Ensorcelled Hibernation
  1579 | D:3      | Learned a level 3 spell: Confuse
  1695 | D:3      | Noticed Grinder
  1705 | D:3      | HP: 1/22 [Grinder (3)]
  1705 | D:3      | Slain by Grinder

Vault maps used:
D:1:      dpeg_arrival_tiny_a
D:3:      uniq_natasha, uniq_grinder, uniq_sigmund, uniq_terence

Skill      XL: |  1  2  3  4 |
---------------+-------------+-----
Short Blades   | 1 2 |  2.5
Fighting       | 1 |  1.1
Spellcasting   | 3 |  3.0
Dodging        | |  1.5
Stealth        | |  3.6
Hexes          | |  3.0

Action                   |  1- 3 |  4- 6 || total
-------------------------+-------+-------++-------
Melee: Dagger            |   135 |    52 ||   187
  Use: Potion            |     2 |       ||     2
 Stab: Sleeping          |     6 |     1 ||     7
  Eat: Chunk             |     2 |     1 ||     3
